Map: Acolyte LE

Players

Gatt

  • Race: Terran Terran
  • League: Diamond
  • Spawn Location: 7:00

Yata

  • Race: Terran Terran
  • League: Platinum
  • Spawn Location: 1:00

YumYum

  • Race: Terran Terran
  • League: Platinum

Myhome

  • Race: Terran Terran
  • League: Diamond

VOD

Have the link to the VOD?

Description

Time

  • Played on: Sept. 26, 2017, 11:50 p.m.
  • Length: 19:18
Show
View Real Time Build Order
Export as new Build Order

Gatt Terran 

Build Orders: MMM Bio 

Get SALT Encoding   

  12  0:01  SCV  
  13  0:13  SCV  
  14  0:22  Supply Depot  
  14  0:27  SCV  
  15  0:43  SCV  
  15  0:48  Barracks  
  16  0:54  Refinery  
  16  0:55  SCV  
  16  0:56  Refinery  
  17  1:08  SCV  
  18  1:20  SCV  
  19  1:35  Orbital Command  
  19  1:41  Factory  
  19  1:44  Supply Depot  
  19  1:48  Marine  
  20  2:01  SCV  
  20  2:06  Marine  
  22  2:13  SCV  
  23  2:19  Supply Depot  
  23  2:23  Marine  
  23  2:25  SCV  
  23  2:27  Factory Reactor  
  25  2:35  Starport  
  25  2:40  SCV  
  25  2:41  Marine  
  27  2:52  SCV  
  28  3:00  Marine  
  28  3:04  SCV, Cyclone  
  33  3:06  Cyclone  
  36  3:15  Medivac  
  38  3:25  Supply Depot  
  39  3:27  SCV  
  39  3:31  Barracks Tech Lab  
  39  3:47  SCV  
  40  3:56  Supply Depot  
  40  3:59  Command Center  
  40  4:02  Widow Mine  
  42  4:03  SCV  
  42  4:07  Stimpack  
  43  4:16  Medivac  
  45  4:20  SCV  
  46  4:27  Engineering Bay  
  46  4:32  SCV  
  46  4:34  Widow Mine  
  46  4:35  Widow Mine  
  46  4:36  Marine  
  52  4:44  SCV  
  53  4:52  Supply Depot, Terran Infantry Weapons Level 1  
  53  4:57  Starport Reactor  
  53  5:02  SCV  
  53  5:04  Barracks  
  54  5:18  Orbital Command  
  54  5:22  SCV  
  55  5:34  Supply Depot, SCV  
  56  5:36  Medivac  
  56  5:37  Medivac  
  56  5:41  Widow Mine x2  
  56  5:42  Marine  
  65  5:44  SCV  
  66  5:52  Barracks Reactor, Armory  
  66  6:00  Marine  
  66  6:03  SCV x2  
  69  6:25  Marine x2  
  69  6:28  Marine x2  
  69  6:29  SCV  
  69  6:30  SCV  
  75  6:36  Barracks  
  75  6:39  Refinery  
  75  6:41  Refinery  
  75  6:43  Marine x2  
  75  6:45  Supply Depot  
  75  6:46  Marine x2  
  76  6:47  Terran Infantry Weapons Level 2, Engineering Bay  
  76  6:48  SCV  
  75  6:57  Siege Tank  
  75  7:01  Marine  
  78  7:08  Medivac  
  81  7:12  Medivac, SCV x2  
  85  7:28  Barracks Tech Lab  
  85  7:31  Command Center  
  74  7:44  Marine x2  
  74  7:45  Marine x2  
  74  7:46  Marine  
  74  7:49  SCV  
  74  7:51  SCV  
  81  7:57  Supply Depot  
  81  8:02  Marine x3  
  81  8:03  Marine  
  85  8:06  Medivac  
  85  8:10  Viking  
  85  8:11  SCV x2  
  91  8:20  Siege Tank  
  94  8:27  Terran Infantry Armor Level 1  
  94  8:30  Combat Shields  
  94  8:32  Refinery  
  94  8:34  Refinery  
  94  8:35  Marine x2  
  94  8:36  Marine  
  94  8:38  Marine  
  94  8:40  Marine  
  99  8:47  Missile Turret  
  99  8:50  Viking  
  101  8:56  Missile Turret  
  101  8:59  SCV x2  
  103  9:03  Orbital Command  
  103  9:10  Terran Infantry Weapons Level 3  
  103  9:16  SCV  
  103  9:17  SCV  
  105  9:19  Marine x3  
  105  9:20  Marine  
  109  9:25  Siege Tank  
  109  9:29  Viking  
  114  9:34  Marine  
  114  9:37  Marine x2  
  117  9:52  Viking, SCV x3  
  122  9:54  Supply Depot  
  122  9:57  Siege Tank  
  125  10:00  Factory  
  125  10:11  Supply Depot  
  125  10:15  Marine x5  
  125  10:17  SCV x3  
  128  10:30  Command Center  
  128  10:31  Viking x2  
  128  10:33  Siege Tank  
  128  10:35  Marine x4  
  139  10:48  SCV x2  
  141  10:52  Barracks Reactor  
  141  10:55  SCV  
  141  10:56  Supply Depot, Siege Tank  
  145  11:01  Supply Depot  
  145  11:04  Supply Depot  
  145  11:08  Terran Infantry Armor Level 2  
  145  11:09  Marine x3  
  145  11:10  Marine  
  149  11:17  Medivac x2  
  153  11:22  SCV x2  
  153  11:23  SCV  
  153  11:34  SCV  
  153  11:38  Supply Depot  
  153  11:39  Supply Depot x2  
  154  11:40  Supply Depot  
  154  11:41  Supply Depot  
  154  11:48  Sensor Tower  
  154  11:54  SCV x3  
  156  11:55  Planetary Fortress  
  157  12:06  SCV x3  
  157  12:07  Marine  
  157  12:08  Marine x5  
  164  12:13  Siege Tank x2  
  172  12:25  Marine x3  
  172  12:26  Marine  
  176  12:45  Siege Tank  
  176  12:48  Marine x2  
  176  12:49  Marine x4  
  185  13:01  Missile Turret  
  185  13:06  Marine  
  186  13:14  SCV  
  186  13:15  Sensor Tower, Marine x3, SCV x2  
  186  13:16  Marine x2  
  194  13:21  Command Center  
  194  13:28  Missile Turret  
  194  13:55  Reaper  
  194  14:00  SCV x2  
  196  14:09  Refinery  
  196  14:30  Command Center  
  196  14:31  SCV x3  
  198  14:36  Refinery  
  199  14:48  Starport Tech Lab  
  199  14:51  Starport  
  199  14:52  Barracks  
  199  14:56  Barracks  
  199  15:02  Marine  
  200  15:08  Terran Vehicle Weapons Level 1  
  200  15:10  Terran Infantry Armor Level 3  
  184  15:14  Armory  
  184  15:19  Sensor Tower  
  163  15:42  Planetary Fortress  
  162  15:54  Missile Turret  
  162  16:05  Planetary Fortress, Missile Turret  
  162  16:06  Missile Turret  
  162  16:15  Sensor Tower  
  162  16:16  Missile Turret  
  162  16:22  Marine x5  
  162  16:23  Marine  
  170  16:26  Barracks Tech Lab  
  170  16:27  Missile Turret  
  170  16:30  Banshee  
  170  16:32  Cloaking Field  
  172  16:38  Sensor Tower  
  171  16:40  Barracks Tech Lab, Starport  
  171  16:47  Refinery x2  
  171  16:51  Refinery  
  171  16:53  Refinery  
  171  17:13  Banshee, Building Armor  
  174  17:17  Terran Vehicle And Ship Armor Level 1  
  174  17:19  Starport Tech Lab  
  174  17:21  Marauder x2  
  178  17:23  Marine x5  
  178  17:24  Marine  
  178  17:25  Concussive Shells  
  178  17:27  Drilling Claws  
  184  17:41  Marine x6  
  184  17:43  Marauder x2  
  194  17:50  Command Center  
  194  17:55  Command Center  
  194  18:04  Marauder x2  
  198  18:06  Command Center x2  
  198  18:12  Marine x2  
  199  18:16  Command Center  
  200  18:23  Command Center  
  194  19:00  Marine  
Show
View Real Time Build Order
Export as new Build Order

Yata Terran 

Build Orders: Reaper Expand, MMM Bio 

Get SALT Encoding   

  12  0:01  SCV  
  13  0:13  SCV  
  14  0:17  Supply Depot  
  14  0:25  SCV  
  15  0:39  Barracks, SCV  
  16  0:45  Refinery  
  16  0:51  SCV  
  17  1:04  SCV  
  18  1:16  SCV  
  19  1:32  Orbital Command  
  19  1:35  Reaper  
  20  1:54  Command Center  
  20  1:58  SCV  
  21  2:05  Barracks  
  21  2:13  Barracks Reactor  
  21  2:14  Supply Depot  
  21  2:17  SCV  
  21  2:31  SCV  
  22  2:37  Factory  
  22  2:44  SCV  
  22  2:47  Refinery  
  23  2:52  Marine x2  
  23  2:53  Barracks Tech Lab  
  25  3:02  Bunker  
  25  3:04  SCV  
  26  3:11  Marine x3  
  29  3:13  Stimpack  
  29  3:19  Orbital Command  
  29  3:22  Factory Tech Lab  
  29  3:29  Marine x2  
  29  3:30  Marine  
  32  3:36  SCV  
  33  3:45  SCV  
  33  3:48  SCV  
  33  3:49  Marine x2  
  33  3:50  Marine  
  33  3:53  Siege Tank  
  40  4:01  Supply Depot  
  40  4:05  SCV x2  
  40  4:06  Engineering Bay  
  40  4:09  Marine x2  
  43  4:10  Marine  
  45  4:23  Starport  
  45  4:27  Marine x2  
  45  4:28  Marine  
  45  4:30  Orbital Command  
  40  4:49  SCV  
  40  4:50  Marine x3  
  40  4:51  Siege Tank  
  47  5:03  Supply Depot, SCV  
  47  5:05  SCV  
  49  5:08  Marine x3  
  52  5:17  Medivac  
  54  5:24  SCV x2  
  54  5:25  Supply Depot  
  54  5:26  Supply Depot  
  56  5:30  Marine  
  56  5:32  Marine  
  56  5:33  Marine  
  59  5:36  SCV x2  
  61  5:47  Marine  
  61  5:48  Medivac, SCV  
  61  5:49  SCV  
  66  5:50  Terran Infantry Weapons Level 1, Marine  
  66  5:51  Marine  
  66  5:54  Combat Shields  
  65  6:15  Command Center  
  62  6:34  SCV x2  
  62  6:35  Marine x3  
  62  6:36  Viking  
  66  6:46  SCV x2  
  67  6:53  Marine  
  62  6:58  Missile Turret  
  61  7:01  Missile Turret  
  61  7:04  Missile Turret  
  61  7:06  SCV x2  
  59  7:45  SCV x2  
  59  7:47  Orbital Command  
  59  7:49  Starport Reactor  
  61  7:52  Siege Tank  
  61  7:54  Marine x2  
  61  7:55  Marine  
  67  8:01  Barracks  
  67  8:03  Barracks  
  67  8:05  Barracks  
  67  8:08  SCV x2  
  67  8:10  Terran Infantry Armor Level 1  
  69  8:17  Orbital Command  
  69  8:18  Engineering Bay  
  69  8:19  Marine x3  
  72  8:20  Armory  
  72  8:24  SCV x2  
  72  8:43  Marine x3  
  72  8:47  SCV x2  
  72  8:48  SCV  
  71  8:59  SCV x2  
  73  9:10  SCV  
  73  9:14  Barracks Reactor x2, Barracks Tech Lab  
  73  9:16  Terran Infantry Weapons Level 2  
  74  9:18  SCV  
  74  9:19  SCV  
  76  9:28  SCV  
  76  9:31  SCV  
  78  9:34  Missile Turret  
  78  9:35  Missile Turret  
  78  9:38  Marine x4  
  79  9:39  Supply Depot  
  79  9:40  Medivac x2  
  79  9:44  Supply Depot  
  86  9:47  Refinery x2  
  86  9:51  SCV x3  
  89  9:54  Missile Turret  
  89  9:56  Missile Turret  
  89  9:57  Marauder x2  
  93  10:01  Marine x6  
  93  10:06  SCV x3  
  102  10:15  Medivac  
  102  10:16  Command Center  
  102  10:18  Marauder  
  106  10:27  SCV  
  106  10:28  SCV x2  
  109  10:37  Missile Turret  
  109  10:39  Missile Turret  
  109  10:42  Missile Turret  
  109  10:45  Supply Depot x2  
  109  10:46  Terran Infantry Armor Level 2  
  109  11:01  Supply Depot  
  109  11:06  Marine x7  
  109  11:07  Sensor Tower, Marauder  
  109  11:08  Refinery  
  109  11:09  Refinery, SCV x3  
  121  11:21  SCV x3  
  121  11:24  Marauder  
  121  11:25  Viking x2  
  128  11:28  Marauder  
  125  11:34  Marine x6  
  125  11:35  Siege Tank  
  125  11:36  SCV x3  
  137  11:41  Missile Turret  
  137  11:48  SCV x2  
  137  11:49  SCV  
  140  11:56  Marine  
  140  11:59  Marine  
  140  12:00  SCV x2  
  140  12:01  Supply Depot, SCV  
  145  12:07  Siege Tank  
  148  12:15  Supply Depot  
  148  12:16  Supply Depot  
  148  12:18  Supply Depot  
  148  12:23  Marine x8  
  148  12:25  Command Center  
  156  12:36  Command Center  
  155  12:40  Marine x5, Terran Infantry Weapons Level 3  
  155  12:41  Siege Tank, Marauder  
  165  12:59  Marauder  
  165  13:02  Marauder  
  169  13:11  Marine x5  
  169  13:12  Marine  
  174  13:20  Barracks, Marine  
  174  13:22  Barracks  
  174  13:23  Marine  
  176  13:38  Marauder  
  178  13:42  Marauder  
  178  13:43  Terran Infantry Armor Level 3  
  179  13:54  SCV x3  
  165  13:58  Orbital Command  
  163  14:06  SCV  
  164  14:16  Marine  
  164  14:17  Marine x7  
  168  14:25  SCV x2  
  168  14:26  SCV  
  168  14:30  Orbital Command  
  162  14:34  Marine x2  
  162  14:36  Marauder x2  
  167  14:41  Barracks Reactor  
  167  14:42  Barracks Tech Lab  
  127  15:30  Marine x6  
  127  15:31  Marine x4  
  127  15:32  Marauder  
  127  15:33  Siege Tank  
  127  15:34  SCV  
  127  15:35  SCV x3  
  144  15:45  Orbital Command  
  144  15:49  Marauder x2  
  148  15:53  Marauder  
  150  15:57  Marine  
  150  15:58  Marine  
  150  16:00  Marine, Orbital Command  
  153  16:05  Siege Tank  
  153  16:11  Marauder  
  157  16:12  Marine  
  157  16:16  Medivac  
  157  16:18  Marine  
  160  16:19  Medivac  
  160  16:20  Marine x2  
  160  16:22  Marine x2  
  164  16:32  Marine  
  165  16:36  Marine  
  167  16:40  Reaper, Marine  
  167  16:41  Marine  
  167  16:42  Marine x2  
  167  16:46  Medivac, Marine  
  174  16:49  Siege Tank, SCV x2  
  174  16:53  Terran Vehicle Weapons Level 1, Marine  
  180  17:10  Marine x2  
  180  17:11  Marine x2  
  180  17:13  Marine  
  180  17:14  Supply Depot  
  180  17:15  Medivac  
  178  17:16  Medivac  
  178  17:17  Supply Depot  
  169  17:25  Supply Depot  
  169  17:28  Supply Depot  
  143  17:31  Supply Depot x2  
  143  17:34  Marine  
  143  17:35  Marine  
  143  17:36  Marine  
  138  17:37  Supply Depot, Marine  
  138  17:38  Supply Depot, Marine  
  138  17:39  Marine  
  138  17:42  Siege Tank  
  144  17:44  Marine  
  144  17:45  Medivac  
  147  17:54  Marine  
  147  17:55  Marine  
  147  17:56  Marine  
  147  17:57  Marine x2  
  152  17:58  Marine  
  152  17:59  Supply Depot  
  152  18:08  Marine x2  
  152  18:09  Marine x2  
  155  18:16  Marine  
  155  18:17  Marine x3  
  155  18:18  Marine x3  
  161  18:38  Marine x3  
  161  18:39  Marine x6  
  161  18:40  Marine x2  
  179  18:56  Marine  
  179  18:59  Marine x3  
  179  19:00  Marine  
Show
View Real Time Build Order
Export as new Build Order

YumYum Terran 

Build Orders:  

Get SALT Encoding   

Show
View Real Time Build Order
Export as new Build Order

Myhome Terran 

Build Orders:  

Get SALT Encoding   

Tags
 
Add a new tag
Caveats
  • Supply blocks, unpowered buildings, or Contaminate may cause inaccurate times.
  • Supply counts are checked every 10 seconds.